 Dungeon Crawl Stone Soup version 0.31-a0-344-gd109795599 (webtiles) character file.

Game seed: 10505944096837418494

63 LeprechaunX the Ruffian (level 4, -2/29 HPs)
             Began as an Octopode Shapeshifter on July 22, 2023.
             Slain by an orc wizard
             ... wielding a +0 dagger
              (4 damage)
             ... on level 3 of the Dungeon.
             The game lasted 00:01:48 (2126 turns).

LeprechaunX the Ruffian (Octopode Shapeshifter)     Turns: 2126, Time: 00:01:48

Health: -2/29      AC:  1    Str: 22    XL:     4   Next: 9%
Magic:  4/4        EV: 13    Int: 10    God:
Gold:   81         SH:  0    Dex: 12    Spells: 3/3 levels left

rFire   . .          .
                       - Unarmed
rCold   . . .        (no shield)
rNeg    . . .        (helmet currently unavailable)
rPois   .            (no amulet)
rElec   .            h - +6 ring of strength
rCorr   .            j - ring of wizardry
SInv    .            (no ring)
Will    .....        (no ring)
Stlth   ++           (no ring)
HPRegen 0.24/turn    (no ring)
MPRegen 0.09/turn    (no ring)
                     (no ring)

%: wizardry (x1)
@: confused, beast-form
A: beast (slay +2), almost no armour, amphibious, 8 rings, camouflage 1,
gelatinous body 1, (nimble swimmer 1), tentacles
a: Begin Untransformation


You were on level 3 of the Dungeon.
You were a hulking beast.
You visited 1 branch of the dungeon, and saw 3 of its levels.

You collected 81 gold pieces.

Inventory:

Jewellery
 c - a ring of ice
 d - an amulet of faith
 h - a +6 ring of strength (left tentacle)
 j - a ring of wizardry (right tentacle)
 n - an amulet of the acrobat
Talismans
 b - a beast talisman
Scrolls
 l - a scroll of identify {unknown}
 m - a scroll of teleportation {unknown}
 o - a scroll of immolation {unknown}
 p - a scroll of poison {unknown}
 q - a scroll of enchant armour {unknown}
Potions
 a - 2 potions of lignification
 e - a potion of brilliance {unknown}
 f - 2 potions of curing {unknown}
 g - a potion of attraction {unknown}
 i - a potion of heal wounds {unknown}
 k - a potion of magic {unknown}


   Skills:
 + Level 1.9 Fighting
 + Level 2.5 Dodging
 * Level 3.8 Unarmed Combat
 + Level 3.3 Shapeshifting


You had 3 spell levels left.
You didn't know any spells.
Your spell library contained the following spells:

 Spells                   Type           Power      Damage    Failure   Level
 Sublimation of Blood     Necr           0%         N/A       22%         2
 Inner Flame              Hex/Fire       0%         N/A       41%         3
 Flame Wave               Conj/Fire      0%         2d4       80%         4
 Petrify                  Tmut/Erth      0%         N/A       80%         4
 Sticky Flame             Conj/Fire      0%         2d3       80%         4
 Irradiate                Conj/Tmut      0%         3d11      98%         5


Dungeon Overview and Level Annotations

Branches:
Dungeon (3/15)

Altars:


Innate Abilities, Weirdness & Mutations

You are a hulking beast.
Your limbs bulge with bestial killing power. (Slay +2)
You cannot wear most types of armour.
You are amphibious.
You can wear up to eight rings at the same time.
Your skin changes colour to match your surroundings (Stealth+).
Your rubbery body absorbs attacks. (AC +1, EV +1)
((You are camouflaged when in or above water. (Stealth+)))
You have tentacles for arms and can constrict up to eight enemies at once.


Message History

The orc is heavily wounded.
You constrict the orc. The orc hits you with a +0 hand axe.
An orc wizard comes into view. It is wielding a +0 dagger.
You tentacle-slap the orc.
You kill the orc!
You closely miss the orc. You grab the orc. You constrict the orc.
The orc hits you with a +0 dagger.
You tentacle-slap the orc.
The orc is heavily wounded.
You constrict the orc.
You kill the orc!
The orc hits you with a +0 short sword.
You have reached level 4!
You bludgeon the orc!
You kill the orc!
The orc wizard casts a spell.
The orc wizard flickers and vanishes!
Deactivating autopickup; reactivate with Ctrl-A.
Things that are here:
a +0 short sword; a +0 leather armour The orc hits you with a +0 short sword.
Something hits you.
* * * LOW HITPOINT WARNING * * *
You barely miss the orc. Your grab misses the orc. You squeeze the orc!
You kill the orc!
Something barely misses you.
Found a ring mail.
You see here a +0 short sword.
You barely miss something. Your squeeze misses something.
You hear some strange, mumbled words.
You are confused.
You bump into the rock wall.
Something hits you.
* * * LOW HITPOINT WARNING * * *
You're too confused to move!
Something hits you.
* * * LOW HITPOINT WARNING * * *
You bump into the rock wall.
Something hits you.
* * * LOW HITPOINT WARNING * * *
You bump into the rock wall.
Something hits you.
* * * LOW HITPOINT WARNING * * *
You're too confused to move!
Something hits you.
You die...

.[ . .. .#. ..#
.#.# #...>.
...# .#
..#..... #
.#.##.#
..#.....
#.###......#
........
#..h.......#
#.##....
####)##.##.
..#...# ...
#.##.# #....
.... #))..#
..### ...
#..### ..# ...
#..####.# †.#
####.####
#.......# #.#
#.......#
##.###### ..#
#.##.##.#####.#


There were no monsters in sight!

Vanquished Creatures
  An adder (D:2)
  A worm (D:2)
  A dart slug (D:1)
  9 orcs (D:3)
  3 ball pythons
  2 endoplasms (D:1)
  2 giant cockroaches
  4 goblins (D:2)
  3 hobgoblins
  A quokka (D:2)
  4 bats
  3 kobolds (D:2)
  3 rats
37 creatures vanquished.

Notes
Turn   | Place    | Note
-------+----------+-------------------------------------------
     0 | D:1      | LeprechaunX the Octopode Shapeshifter began the quest for
                  | the Orb.
     0 | D:1      | Reached XP level 1. HP: 13/13 MP: 1/1
    43 | D:1      | Found a faded altar of an unknown god.
   324 | D:1      | Reached XP level 2. HP: 18/18 MP: 2/2
  1247 | D:2      | Reached XP level 3. HP: 23/23 MP: 3/3
  2115 | D:3      | Reached XP level 4. HP: 15/29 MP: 4/4
  2126 | D:3      | Slain by an orc wizard

Illustrated notes

Levels and vault maps discovered:
D:1:      ncdulo_halloftheorcs, layout_basic,
          hellmonk_ecumenical_altar_lost_god, minmay_misc_feat_columns
D:2:      minmay_evil_eye, layout_basic, grunt_ministairs_7, nrook_uturn,
          kennysheep_generic_room_15
D:3:      kennysheep_big_flooded_room, layout_loops_cross,
          minmay_splitting_lines, nicolae_nh_oracle_at_delphi

Action                     |  1- 3 |  4- 6 || total
---------------------------+-------+-------++-------
  Melee: Unarmed           |    65 |     3 ||    68
         Constrict         |    15 |       ||    15
         Punch             |     1 |       ||     1
         Tentacles         |     6 |     1 ||     7
   Stab: Sleeping          |    10 |       ||    10
 Armour: Skin              |     3 |       ||     3
  Dodge: Dodged            |    30 |     1 ||    31

Table legend: (Time is in decaauts)
 A = Elapsed time spent in this place.
 B = Non-inter-level travel time spent in this place.
 C = Inter-level travel time spent in this place.
 D = Time resting spent in this place.
 E = Time spent auto-exploring this place.
 F = Levels seen in this place.
 G = Mean time per level.
                   A        B        C        D        E       F      G
               +--------+--------+--------+--------+--------+-----+--------+
         Total |   2119 |   2068 |     51 |      0 |   1801 |   3 |  706.3 |
       Dungeon |   2119 |   2068 |     51 |      0 |   1801 |   3 |  706.3 |
               +--------+--------+--------+--------+--------+-----+--------+

Top non-repeatable levels by time:
     D:1: 990 daAuts
     D:2: 957 daAuts
     D:3: 172 daAuts
